 Dungeon Crawl Stone Soup version 0.20.1-1-g8b1a95d (webtiles) character file.

1023 Firecrotchwizard the Spear-Bearer (level 8, -2/56 HPs)
             Began as a Merfolk Gladiator on Nov 26, 2017.
             Slain by a gnoll
             ... wielding a +0 spear
              (10 damage)
             ... on level 6 of the Dungeon.
             The game lasted 00:13:16 (4854 turns).

Firecrotchwizard the Spear-Bearer (MfGl)            Turns: 4854, Time: 00:13:16

Health: -2/56      AC:  8    Str: 15    XL:     8   Next: 22%
Magic:  8/8        EV: 19    Int:  7    God:
Gold:   288        SH:  0    Dex: 17    Spells: 7/7 levels left

rFire    + . .     SeeInvis .   a - +0 trident
rCold    + . .     Gourm    .   (no shield)
rNeg     . . .     Faith    .   u - +3 leather armour {rC+}
rPois    .         Spirit   .   c - +0 helmet
rElec    .         Reflect  .   (no cloak)
rCorr    .         Harm     .   s - +0 pair of gloves (curse)
MR       .....                  (no boots)
Stlth    +.........             (no amulet)
Regen    0.2/turn               w - ring of protection from fire {rF+, !d}
MPRegen  0.2/turn               q - +5 ring of evasion

@: lethally poisoned (-2 -> -14)
A: change form in water, swift swim, stealthy swim
a: no special abilities


You were on level 6 of the Dungeon.
You were not hungry.

You visited 1 branch of the dungeon, and saw 6 of its levels.

You collected 288 gold pieces.

Inventory:

Hand Weapons
 a - a +0 trident (weapon)
Missiles
 d - 3 throwing nets {=f, !d}
Armour
 c - a +0 helmet (worn)
 s - a cursed +0 pair of gloves (worn)
   (You found it on level 3 of the Dungeon)
 u - a +3 leather armour of cold resistance (worn)
   (You took it off Ijyb on level 3 of the Dungeon)
Jewellery
 q - a +5 ring of evasion (right hand)
   (You found it on level 2 of the Dungeon)
 w - a ring of protection from fire (left hand) {rF+, !d}
   (You found it on level 3 of the Dungeon)
Wands
 v - a wand of polymorph (5/24)
   (You took it off Ijyb on level 3 of the Dungeon)
Scrolls
 b - 2 scrolls of enchant armour {unknown}
 h - a scroll of fog {unknown}
 j - 2 scrolls of identify
 k - 5 scrolls of teleportation {unknown}
 l - a scroll of remove curse {unknown}
 o - a scroll of random uselessness {unknown}
 p - a scroll of recharging {unknown}
 r - a scroll of fear {unknown}
 x - a scroll of amnesia {unknown}
Potions
 e - 3 potions of heal wounds
 i - 2 potions of haste
 m - a potion of flight {unknown}
 n - a potion of degeneration {unknown}
 z - a potion of cancellation {unknown}
Books
 y - a book of Necromancy
   (You found it on level 4 of the Dungeon)
Comestibles
 f - 6 bread rations {@e1}
 t - a fruit


   Skills:
 - Level 2.1 Fighting
 + Level 13.3 Polearms
 - Level 2.0 Throwing
 - Level 4.0 Dodging


You had 7 spell levels left.
You didn't know any spells.

Dungeon Overview and Level Annotations

Branches:
Dungeon (6/15)
 Temple: D:4-7

Altars:
Gozag
Yredelemnul
The Shining One

Annotations:
D:4 exclusion: Edmund, Edmund; peaced01's ghost, amateur TrMo
D:5 daixiu4u's ghost, novice HOBe


Message History

You take 1 damage, and have 40/56 hp.
Attack whom?
Aim: a gnoll sergeant, wielding a spear of venom and wearing a ring mail (heavily wounded)
You reach to attack!
You hit the gnoll sergeant but do no damage.
The gnoll sergeant barely misses you.
Attack whom?
Aim: a gnoll sergeant, wielding a spear of venom and wearing a ring mail (heavily wounded)
You reach to attack!
You hit the gnoll sergeant but do no damage.
The gnoll sergeant hits you from afar with a spear of venom.
You are more poisoned.
You take 1 damage, and have 39/56 hp.
Attack whom?
Aim: a gnoll sergeant, wielding a spear of venom and wearing a ring mail (heavily wounded)
You reach to attack!
You puncture the gnoll sergeant!
You feel sick.
You take 1 damage, and have 38/56 hp.
Attack whom?
Aim: a gnoll sergeant, wielding a spear of venom and wearing a ring mail (almost dead)
You reach to attack!
You hit the gnoll sergeant but do no damage.
You feel sick.
The gnoll sergeant hits you from afar with a spear of venom!
You are lethally poisoned!
You take 10 damage, and have 28/56 hp.
You are too injured to fight recklessly!
You are too injured to fight recklessly!
You are too injured to fight recklessly!
Attack whom?
Aim: a gnoll sergeant, wielding a spear of venom and wearing a ring mail (almost dead)
You reach to attack!
You hit the gnoll sergeant but do no damage.
You feel sick. The gnoll sergeant closely misses you.
You take 1 damage, and have 27/56 hp.
Attack whom?
Aim: a gnoll sergeant, wielding a spear of venom and wearing a ring mail (almost dead)
You reach to attack!
You completely miss the gnoll sergeant.
You feel sick.
You take 2 damage, and have 25/56 hp.
Attack whom?
Aim: a gnoll sergeant, wielding a spear of venom and wearing a ring mail (almost dead)
You reach to attack!
You puncture the gnoll sergeant!
You kill the gnoll sergeant!
You feel sick.
You take 1 damage, and have 24/56 hp.
Attack whom?
Aim: a gnoll You reach to attack!
You closely miss the gnoll.
You feel sick.
You take 2 damage, and have 22/56 hp.
Attack whom?
Aim: a gnoll You hit the gnoll.
You feel sick.
You take 1 damage, and have 21/56 hp.
You hit the gnoll.
You feel sick. The gnoll closely misses you.
You take 2 damage, and have 19/56 hp.
You feel sick.
You take 2 damage, and have 17/56 hp.
You hit the gnoll.
You kill the gnoll!
* * * LOW HITPOINT WARNING * * *
You feel sick.
You take 1 damage, and have 16/56 hp.
You completely miss the gnoll.
* * * LOW HITPOINT WARNING * * *
You feel sick.
You puncture the gnoll!
* * * LOW HITPOINT WARNING * * *
You feel sick. The gnoll completely misses you.
You take 2 damage, and have 14/56 hp.
You hit the gnoll.
You kill the gnoll!
* * * LOW HITPOINT WARNING * * *
You feel sick.
You take 1 damage, and have 13/56 hp.
Attack whom?
Aim: a gnoll You reach to attack!
You closely miss the gnoll.
* * * LOW HITPOINT WARNING * * *
You feel sick.
You take 1 damage, and have 12/56 hp.
* * * LOW HITPOINT WARNING * * *
You feel sick.
You take 2 damage, and have 10/56 hp.
Attack whom?
Aim: a gnoll You hit the gnoll.
* * * LOW HITPOINT WARNING * * *
You feel sick. The gnoll completely misses you.
You take 1 damage, and have 9/56 hp.
Attack whom?
Aim: a gnoll, wielding a spear The gnoll is in the way.
You puncture the gnoll!
You kill the gnoll!
* * * LOW HITPOINT WARNING * * *
You feel sick.
You take 1 damage, and have 8/56 hp.
Attack whom?
Aim: a gnoll, wielding a spear You reach to attack!
You hit the gnoll but do no damage.
The gnoll hits you from afar with a spear!
You die...

#.# .......
#.# .......
..# .......
#.# .......
####(# ...gg
#....# g..
#.##.#
######.##.##@#
........)gg†.#
#.#.#####.####
".......#
..#######


You could see 2 gnolls.

Vanquished Creatures
  Sigmund (D:5)
  A sky beast (D:5)
  2 ice beasts (D:5)
  The ghost of antares the Ruffian, an amateur DrTm (D:3)
  A gnoll sergeant (D:6)
  A scorpion (D:5)
  A crimson imp (D:5)
  A jelly (D:5)
  2 centaur skeletons (D:4)
  Ijyb (D:3)
  A worker ant (D:5)
  8 gnolls
  6 adders
  An ooze (D:4)
  2 worms
  4 dart slugs
  5 leopard geckos
  9 orcs
  3 giant cockroaches
  4 goblins
  3 hobgoblins
  2 jackals (D:2)
  5 kobolds
  A quokka (D:5)
  A ball python (D:2)
  6 bats
  5 frilled lizards
  A quokka skeleton (D:4)
  7 rats
86 creatures vanquished.

Vanquished Creatures (others)
  A bat (D:1)
1 creature vanquished.

Grand Total: 87 creatures vanquished

Notes
Turn   | Place    | Note
-------+----------+-------------------------------------------
     0 | D:1      | Firecrotchwizard the Merfolk Gladiator began the quest for the Orb.
     0 | D:1      | Reached XP level 1. HP: 16/16 MP: 1/1
   129 | D:1      | Reached skill level 5 in Polearms
   215 | D:1      | Reached XP level 2. HP: 20/22 MP: 2/2
   527 | D:1      | HP: 4/22 [something (4)]
   528 | D:1      | HP: 1/22 [something (3)]
  1011 | D:2      | Reached skill level 6 in Polearms
  1011 | D:2      | Reached XP level 3. HP: 20/27 MP: 3/3
  1392 | D:2      | Reached skill level 7 in Polearms
  1392 | D:2      | Reached XP level 4. HP: 30/33 MP: 4/4
  1572 | D:2      | Found a glowing golden altar of the Shining One.
  1794 | D:3      | Noticed Ijyb
  1833 | D:3      | Killed Ijyb
  1870 | D:3      | Reached skill level 8 in Polearms
  1991 | D:3      | Reached XP level 5. HP: 38/38 MP: 5/5
  2116 | D:3      | Noticed an ogre
  2116 | D:3      | Noticed antares's ghost (amateur DrTm)
  2234 | D:3      | Killed antares's ghost
  2234 | D:3      | Reached skill level 9 in Polearms
  2518 | D:4      | Noticed Edmund
  2553 | D:4      | Noticed peaced01's ghost (amateur TrMo)
  2566 | D:3      | Found a basalt altar of Yredelemnul.
  2566 | D:3      | Found an opulent altar of Gozag.
  2895 | D:4      | HP: 5/38 [peaced01's ghost (7)]
  3188 | D:4      | Reached XP level 6. HP: 44/44 MP: 6/6
  3603 | D:4      | Reached skill level 10 in Polearms
  4014 | D:5      | Entered Level 5 of the Dungeon
  4105 | D:5      | Noticed Sigmund
  4135 | D:5      | Reached skill level 11 in Polearms
  4135 | D:5      | Reached XP level 7. HP: 50/50 MP: 7/7
  4153 | D:5      | Killed Sigmund
  4179 | D:5      | Reached skill level 12 in Polearms
  4225 | D:5      | Reached XP level 8. HP: 51/56 MP: 8/8
  4264 | D:5      | Reached skill level 13 in Polearms
  4523 | D:5      | Noticed daixiu4u's ghost (novice HOBe)
  4545 | D:5      | HP: 14/56 [daixiu4u's ghost (10)]
  4848 | D:6      | HP: 14/56 [poisoned by a gnoll sergeant]
  4853 | D:6      | HP: 8/56 [poisoned by a gnoll sergeant]
  4854 | D:6      | Slain by a gnoll

Skill      XL: |  1  2  3  4  5  6  7  8 |
---------------+-------------------------+-----
Polearms       | 5 6 7 8 9 11 12 13 | 13.3
Fighting       | |  2.1
Throwing       | |  2.0
Dodging        | |  4.0

Action                   |  1- 3 |  4- 6 |  7- 9 || total
-------------------------+-------+-------+-------++-------
Melee: Trident           |   114 |   221 |   132 ||   467
       Unarmed           |       |    13 |       ||    13
  Use: Scroll            |       |     3 |       ||     3
 Stab: Sleeping          |       |     2 |       ||     2
  Eat: Chunk             |     2 |     7 |     1 ||    10
       Fruit             |       |     2 |       ||     2
       Royal jelly       |       |       |     1 ||     1
Armor: Ring mail         |    30 |     6 |       ||    36
       Skin              |       |    13 |       ||    13
       Leather armour    |       |    20 |    17 ||    37
Dodge: Dodged            |    61 |   102 |    55 ||   218

Vault maps used:
D:1:      wheals_arrival_shading, minmay_misc_feat_room, lemuel_another_geyser
D:2:      tso_altar
D:3:      nicolae_overflow_hidden_temple, hangedman_decor_slide_cut, uniq_ijyb
D:4:      cheibrodos_helix_gallery, uniq_edmund
D:5:      first_bread, nicolae_for_you_no_charge, uniq_sigmund
D:6:      minivault_23, kennysheep_cross_room, uniq_prince_ribbit1

Table legend:
 A = Turns spent in this place as a percentage of turns spent in the entire game.
 B = Non-inter-level travel turns spent in this place as a percentage of non-inter-level travel turns spent in the entire game.
 C = Inter-level travel turns spent in this place as a percentage of turns spent in this place.
 D = Turns resting spent in this place as a percentage of non-inter-level travel turns spent in this place.
 E = Turns spent auto-exploring this place as a percentage of non-inter-level travel turns spent in this place.
 F = Non-inter-level travel turns spent in this place divided by the number of levels of this place that you've seen.
                   A       B       C       D       E      F
               +-------+-------+-------+-------+-------+----------------------
         Total | 100.0 | 100.0 |   0.4 |   3.4 |   8.4 | 223.7
       Dungeon | 100.0 | 100.0 |   0.4 |   3.4 |   8.4 | 223.7
               +-------+-------+-------+-------+-------+----------------------

Table legend:
 A = Kills in this place as a percentage of kills in entire the game.
 B = Kills by you in this place as a percentage of kills by you in the entire game.
 C = Kills by friends in this place as a percentage of kills by friends in the entire game.
 D = Other kills in this place as a percentage of other kills in the entire game.
 E = Experience gained in this place as a percentage of experience gained in the entire game.
 F = Experience gained in this place divided by the number of levels of this place that you have seen.
                   A       B       C       D       E      F
               +-------+-------+-------+-------+-------+----------------------
         Total | 100.0 | 100.0 |  -nan |  -nan | 100.0 | 243.7
       Dungeon | 100.0 | 100.0 |  -nan |  -nan | 100.0 | 243.7
               +-------+-------+-------+-------+-------+----------------------
